AoeStats
← [PSCH] R!ce

African Clearing

505299273Analyzed
2v2 RM · 24d ago on Sep 8, 2026· 36m 6s· 4 players
Game mode
Random Map
Map size
Medium (4 player)
Population
200
Speed
Normal
Resources
Standard
Victory
Conquest
Starting age
Dark Age
Ending age
Imperial Age
RankedLock teamsTeams togetherTeam positionsShared explorationLock speedFull tech treeHidden civsTurbo modeCheats
Victory
Defeat
🇨🇭 Celts · Switzerland
1471
+12
🇨🇭 Ethiopians · Switzerland
1453
+13
🇦🇺 Muisca · Australia
1412
-13
🇩🇰 Persians · Denmark
1372
-12
Radon Randell
4:10 Loom
13:53 Feudal Age
19:05 Castle Age
17:34 Fletching
17:56 Double-Bit Axe
18:33 Padded Archer Armor
19:32 Crossbowman
24:12 Champi Runner
27:27 Scale Mail Armor
28:01 Squires
30:04 Champi Warrior
31:51 Town Watch
Still allgreen
7:41 Loom
12:15 Feudal Age
12:34 Double-Bit Axe
17:37 Castle Age
17:36 Gold Mining
18:43 Scale Barding Armor
19:24 Gold Shaft Mining
24:20 Wheelbarrow
26:11 Town Watch
27:04 Horse Collar
27:54 Light Cavalry
29:35 Bow Saw
34:39 Imperial Age
33:22 Heavy Plow
36:51 Chemistry
[PSCH] wolverito
3:51 Loom
14:33 Feudal Age
19:44 Castle Age
18:13 Fletching
18:57 Padded Archer Armor
20:45 Bodkin Arrow
21:07 Elite Skirmisher
25:22 Double-Bit Axe
33:43 Scale Mail Armor
34:29 Forging
[PSCH] R!ce
11:18 Loom
13:23 Feudal Age
14:48 Double-Bit Axe
17:26 Castle Age
17:30 Pikeman
20:47 Bow Saw
21:02 Scale Mail Armor
28:12 Devotion
30:44 Scale Barding Armor
31:59 Light Cavalry
Connection lost

Rejoining the realm…

Still unreachable

The connection could not be restored.

Session expired

The server has moved on; the page needs a fresh start.